 Dungeon Crawl Stone Soup version 0.30-a0-364-gf6b3ef1049 (webtiles) character file.

Game seed: 4923862065048303965

24 BritishOli the Ducker (level 2, -1/23 HPs)
             Began as a Demonspawn Gladiator on Nov 14, 2022.
             Slain by Jessica
             ... wielding a +0 dagger
              (4 damage)
             ... on level 2 of the Dungeon.
             The game lasted 00:00:37 (786 turns).

BritishOli the Ducker (Demonspawn Gladiator)         Turns: 786, Time: 00:00:38

Health: -1/23      AC:  6    Str: 14    XL:     2   Next: 79%
Magic:  2/2        EV: 12    Int:  9    God:
Gold:   33         SH:  0    Dex: 14    Spells: 1/1 levels left

rFire   . . .      SeeInvis .    a - +0 war axe
rCold   . . .      Faith    .    (no shield)
rNeg    . . .      Spirit   .    b - +0 leather armour
rPois   .          Reflect  .    c - +0 helmet
rElec   .          Harm     .    (no cloak)
rCorr   .          Rampage  .    (no gloves)
Will    .....                    (no boots)
Stlth   +.........               (no amulet)
HPRegen 0.23/turn                (no ring)
MPRegen 0.08/turn                (no ring)

@: no status effects
A: yellow scales 1
a: no special abilities


You were on level 2 of the Dungeon.
You visited 1 branch of the dungeon, and saw 2 of its levels.

You collected 33 gold pieces.

Inventory:

Hand Weapons
 a - a +0 war axe (weapon)
Missiles
 d - 3 throwing nets (quivered)
 e - a javelin
Armour
 b - a +0 leather armour (worn)
 c - a +0 helmet (worn)
Jewellery
 j - a ring of positive energy
Scrolls
 f - 3 scrolls of identify {unknown}
 h - a scroll of acquirement {unknown}
 i - a scroll of noise {unknown}
 k - a scroll of immolation {unknown}
Potions
 g - 2 potions of berserk rage {unknown}


   Skills:
 + Level 2.4 Fighting
 + Level 3.0 Axes
 + Level 2.1 Throwing
 + Level 3.0 Dodging


You had one spell level left.
You didn't know any spells.
Your spell library was empty.

Dungeon Overview and Level Annotations

Branches:
Dungeon (2/15)

Altars:

Annotations:
D:2 Jessica


Innate Abilities, Weirdness & Mutations

You are partially covered in yellow scales. (AC +2)


Message History

Your Dodging skill increases to level 3!
A kobold is nearby!
Jessica the Apprentice Sorceress comes into view.
She is wielding a +0 dagger.
There are monsters nearby!
There are monsters nearby!
The kobold throws a stone.
The stone hits you but does no damage.
There are monsters nearby!
Jessica shouts!
There are monsters nearby!
You slash the kobold!
You kill the kobold!
Your Axes skill increases to level 3!
Jessica is nearby!
Jessica hits you with a +0 dagger.
Things that are here:
a +0 short sword; 7 stones Jessica is nearby!
You barely miss Jessica. Jessica hits you with a +0 dagger.
Jessica is nearby!
You closely miss Jessica. Jessica hits you with a +0 dagger.
Jessica gestures at you while chanting. Pain shoots through your body!
* * * LOW HITPOINT WARNING * * *
Jessica is nearby!
You are too injured to fight recklessly!
Jessica is nearby!
Jessica is nearby!
You are too injured to fight recklessly!
You hit Jessica but do no damage.
Jessica casts a spell.
Jessica blinks!
Found 5 poisoned darts.
You hit Jessica.
Jessica is moderately wounded.
Jessica gestures wildly while chanting.
Jessica seems to speed up.
You hit Jessica.
Jessica is moderately wounded.
Jessica misses you. Jessica hits you with a +0 dagger.
You die...

#.##. #.##.#
#....####.##.#
#......?.....#
#........####
#........#
#.....)..#
#........#
#..@.....#
#..@.....#
#........#
#........#
#........#
#........#
#........#
#..(.....#
#........#


You could see Jessica (fast).

Vanquished Creatures
  2 bats (D:1)
  3 endoplasms
  2 giant cockroaches (D:1)
  4 goblins (D:1)
  A hobgoblin (D:1)
  2 kobolds
  2 quokkas (D:1)
  2 frilled lizards (D:1)
  4 rats (D:1)
22 creatures vanquished.

Notes
Turn   | Place    | Note
-------+----------+-------------------------------------------
     0 | D:1      | BritishOli the Demonspawn Gladiator began the quest for the
                  | Orb.
     0 | D:1      | Reached XP level 1. HP: 16/16 MP: 1/1
    43 | D:1      | Gained mutation: You are partially covered in yellow
                  | scales. (AC +2) [demonic ancestry]
    43 | D:1      | Reached XP level 2. HP: 12/22 MP: 2/2
   401 | D:1      | Found a faded altar of an unknown god.
   774 | D:2      | Noticed Jessica
   786 | D:2      | Slain by Jessica

Illustrated notes

Levels and vault maps discovered:
D:1:      dpeg_arrival_windows_large_door, layout_basic,
          hellmonk_ecumenical_altar_crossroads, corner_web_ring,
          serial_park_tiny_1
D:2:      layout_basic, uniq_natasha, uniq_terence, uniq_robin, uniq_jessica

Skill      XL: |  1  2 |
---------------+-------+-----
Throwing       | 2 |  2.1
Dodging        | 3 |  3.0
Axes           | 3 |  3.0
Fighting       | |  2.4

Action                   || total
-------------------------++-------
Melee: War axe           ||    46
       Punch             ||     1
Armor: Leather armour    ||    14
Dodge: Dodged            ||    29

Table legend: (Time is in decaauts)
 A = Elapsed time spent in this place.
 B = Non-inter-level travel time spent in this place.
 C = Inter-level travel time spent in this place.
 D = Time resting spent in this place.
 E = Time spent auto-exploring this place.
 F = Levels seen in this place.
 G = Mean time per level.
                   A        B        C        D        E       F      G
               +--------+--------+--------+--------+--------+-----+--------+
         Total |    801 |    782 |     19 |      0 |    644 |   2 |  400.5 |
       Dungeon |    801 |    782 |     19 |      0 |    644 |   2 |  400.5 |
               +--------+--------+--------+--------+--------+-----+--------+

Top non-repeatable levels by time:
     D:1: 767 daAuts
     D:2: 34 daAuts
